 Dungeon Crawl Stone Soup version 0.29-a0-330-g52719c12eb (webtiles) character file.

Game seed: 331621109665263691

3390 dohliylev the Grappler (level 9, -2/83 HPs)
             Began as a Troll Warper on May 13, 2022.
             Was a High Priest of Okawaru.
             Slain by an orc warlord
             ... wielding a +0 broad axe
              (27 damage)
             ... in a bailey.
             The game lasted 00:15:27 (6735 turns).

dohliylev the Grappler (Troll Warper)               Turns: 6735, Time: 00:15:28

Health: -2/83      AC:  4    Str: 25    XL:     9   Next: 74%
Magic:  10/10      EV:  8    Int:  9    God:    Okawaru [*****.]
Gold:   339        SH: 18    Dex:  9    Spells: 6/11 levels left

rFire   . . .      SeeInvis .     - Unarmed
rCold   + + .      Faith    .   u - +1 tower shield {rC+}
rNeg    . . .      Spirit   .   a - +0 robe
rPois   .          Reflect  +   (helmet restricted)
rElec   .          Harm     .   (no cloak)
rCorr   .          Rampage  .   (gloves unavailable)
Will    .....                   (boots unavailable)
Stlth   +.........              h - amulet of reflection
HPRegen 1.03/turn               s - ring of protection from cold
MPRegen 0.12/turn               (no ring)

@: no status effects
A: large, unfitting armour, claws 3, regeneration 1, shaggy fur 1, tough skin 1
a: Renounce Religion, Heroism, Finesse, Duel


You were in a bailey.
You worshipped Okawaru.
Okawaru was extremely pleased with you.
You visited 2 branches of the dungeon, and saw 9 of its levels.
You also visited: Bailey.

You collected 339 gold pieces.

Inventory:

Missiles
 c - a boomerang of dispersal (quivered)
 y - 19 boomerangs
Armour
 a - a +0 robe (worn)
 u - a +1 tower shield of cold resistance (worn)
Jewellery
 h - an amulet of reflection (around neck)
 s - a ring of protection from cold (left claw)
Wands
 q - a wand of polymorph (2)
Scrolls
 b - 5 scrolls of blinking
 e - 2 scrolls of brand weapon
 i - 3 scrolls of amnesia
 k - a scroll of enchant armour {unknown}
 m - 2 scrolls of identify
 o - a scroll of fog {unknown}
 p - 3 scrolls of teleportation
 r - a scroll of magic mapping
 v - a scroll of torment {unknown}
 z - a scroll of fear {unknown}
Potions
 d - 3 potions of curing
 f - 2 potions of lignification {unknown}
 g - a potion of attraction
 j - a potion of brilliance {unknown}
 l - a potion of heal wounds
 n - 4 potions of cancellation {unknown}
 t - 2 potions of might {unknown}
 w - 3 potions of resistance {unknown}
 x - a potion of ambrosia {unknown}
 A - 2 potions of magic {unknown}
 B - a potion of invisibility {unknown}
 C - a potion of haste {unknown}


   Skills:
 + Level 3.4 Fighting
 + Level 1.0 Throwing
 + Level 5.4 Dodging
 + Level 5.7 Shields
 + Level 8.9 Unarmed Combat
 + Level 1.6 Spellcasting
 + Level 3.1 Translocations
 + Level 0.9 Evocations


You had 6 spell levels left.
You knew the following spells:

 Your Spells              Type           Power      Damage    Failure   Level
a - Blink                 Tloc           12%        N/A       63%         2
b - Lesser Beckoning      Tloc           6%         N/A       86%         3

Your spell library contained the following spells:

 Spells                   Type           Power      Damage    Failure   Level
 Gell's Gravitas          Tloc           6%         N/A       86%         3
 Teleport Other           Tloc           6%         N/A       86%         3
 Magic Dart               Conj           0%         1d3       90%         1
 Corpse Rot               Necr/Air       0%         N/A       97%         2
 Poisonous Vapours        Pois/Air       0%         N/A       97%         2
 Searing Ray              Conj           0%         2d4       97%         2
 Fulminant Prism          Conj/Hex       0%         3d6       100%        4
 Blade Hands              Tmut           0%         N/A       100%        5
 Manifold Assault         Tloc           6%         N/A       100%        5
 Iron Shot                Conj/Erth      0%         9d1       100%        6
 Animate Armour           Summ/Erth      Unusable   N/A       N/A         4

Dungeon Overview and Level Annotations

Branches:
Dungeon (8/15)             Temple (1/1) D:4          Bailey (1/1)
   Lair: D:8-11

Altars:
Ashenzari
Cheibriados
Dithmenos
Elyvilon
Fedhas
Gozag
Hepliaklqana
Kikubaaqudgha
Makhleb
Nemelex Xobeh
Okawaru
Qazlal
Ru
Sif Muna
Trog
Uskayaw
Vehumet
Wu Jian
Xom
Yredelemnul
Zin
The Shining One

Shops:
D:8 :


Innate Abilities, Weirdness & Mutations

You are too large for most types of armour.
You have claws for hands.
Your natural rate of healing is unusually fast.
You are covered in fur. (AC +1)
You have tough skin. (AC +1)


Message History

The orc warlord attacks as you move away!
You block the orc warlord's attack.
Things that are here:
a +0 hand axe; a +0 leather armour; a goblin corpse The orc warlord attacks as you move away!
You block the orc warlord's attack.
The orc warlord attacks as you move away!
You block the orc warlord's attack.
The orc warlord attacks as you move away!
The orc warlord hits you with a +0 broad axe!!
* * * LOW HITPOINT WARNING * * *
There is an open door here.
You feel much better. You block the orc warlord's attack.
Throw: 5 boomerangs (disperse)
Press: ? - help, Q - select action, (/) - cycle Shift-Dir - straight line, f/p - orc warlord
Aim: an orc warlord, wielding a +0 broad axe and wearing a +0 scale mail (58% to hit)
You throw a boomerang of dispersal.
The boomerang of dispersal barely misses the orc warlord.
The orc warlord hits you with a +0 broad axe.
Throw: 4 boomerangs (disperse)
Press: ? - help, Q - select action, (/) - cycle Shift-Dir - straight line, f/p - orc warlord
Aim: an orc warlord, wielding a +0 broad axe and wearing a +0 scale mail (58% to hit)
You throw a boomerang of dispersal.
The boomerang of dispersal hits the orc warlord but does no damage.
You block the orc warlord's attack. x2
Throw: 3 boomerangs (disperse)
Press: ? - help, Q - select action, (/) - cycle Shift-Dir - straight line, f/p - orc warlord
Aim: an orc warlord, wielding a +0 broad axe and wearing a +0 scale mail (58% to hit)
You throw a boomerang of dispersal.
The boomerang of dispersal hits the orc warlord but does no damage.
The orc warlord hits you with a +0 broad axe!
* * * LOW HITPOINT WARNING * * *
Throw: 2 boomerangs (disperse)
Press: ? - help, Q - select action, (/) - cycle Shift-Dir - straight line, f/p - orc warlord
Aim: an orc warlord, wielding a +0 broad axe and wearing a +0 scale mail (58% to hit)
You throw a boomerang of dispersal.
The boomerang of dispersal closely misses the orc warlord.
You block the orc warlord's attack.
The orc warlord hits you with a +0 broad axe!!
You die...

##.....................
#..........†.....).....
#..8..8....).....÷..8..
#..........)...........
##......####...####....
♣##....##≈≈#####≈≈##...
♣.##...#≈=!8...8?)≈#)..
♣♣..###o#≈.........≈#)##
♣...≈≈≈@#≈..8...8..≈#.≈≈
♣♣...≈≈≈.##.........##.≈≈
♣∩...≈≈≈.#≈....∩....≈#)≈≈
♣♣...≈≈≈.#≈.........≈#.≈≈
♣...≈≈≈.#≈≈.8...8.≈≈#.≈≈
♣♣..###'###.......###'##
♣.##....#≈.8...8.≈#....
♣##.....#≈≈≈≈≈≈≈≈≈#....
##......####≈≈≈####....


You could see an orc warlord.

Vanquished Creatures
  An orc knight (Bailey)
  5 yaks (D:6)
  An ice beast (D:6)
  5 orc warriors
  A water moccasin (D:5)
  A black bear (D:6)
  A sky beast (D:5)
  An ogre (D:5)
  2 phantoms
  2 centaurs (D:5)
  2 gnoll sergeants
  2 scorpions (D:6)
  A necrophage (D:4)
  3 wights (D:6)
  2 hounds
  4 iguanas
  Natasha (thrice) (D:3)
  9 gnolls
  13 adders
  A shadow imp (D:6)
  A worm (D:3)
  10 orcs
  7 bats
  An endoplasm (D:4)
  3 giant cockroaches
  11 goblins
  11 hobgoblins
  3 jackals (D:1)
  A quokka (D:5)
  5 ball pythons
  2 frilled lizards
  16 kobolds
  7 rats
138 creatures vanquished.

Notes
Turn   | Place    | Note
-------+----------+-------------------------------------------
     0 | D:1      | dohliylev the Troll Warper began the quest for the Orb.
     0 | D:1      | Reached XP level 1. HP: 19/19 MP: 1/1
   458 | D:1      | Reached XP level 2. HP: 28/28 MP: 2/2
  1620 | D:2      | You fall into a shaft and drop 2 floors!
  1703 | D:4      | Reached XP level 3. HP: 35/35 MP: 3/3
  1729 | D:4      | Found a staircase to the Ecumenical Temple.
  1738 | Temple   | Entered the Ecumenical Temple
  1948 | Temple   | Became a worshipper of Warmaster Okawaru
  1995 | D:4      | Noticed a phantom
  2010 | D:4      | Noticed a necrophage
  2041 | D:3      | Killed a phantom
  2042 | D:3      | Reached skill level 3 in Unarmed Combat
  2042 | D:3      | Reached XP level 4. HP: 38/42 MP: 3/5
  2047 | D:3      | Learned a level 2 spell: Blink
  2051 | D:3      | Learned a level 3 spell: Lesser Beckoning
  2093 | D:3      | Reached * piety under Okawaru
  2094 | D:3      | Reached skill level 1 in Shields
  2094 | D:3      | Reached XP level 5. HP: 45/49 MP: 6/6
  2114 | D:3      | Noticed Natasha
  2119 | D:3      | Killed Natasha
  2396 | D:2      | Found a faded altar of an unknown god.
  2397 | D:2      | Noticed a great orb of eyes
  2399 | D:2      | Noticed a golden eye
  2399 | D:2      | Noticed an eye of devastation
  2399 | D:2      | Noticed a great orb of eyes
  3121 | D:3      | Noticed Natasha
  3126 | D:3      | Killed Natasha
  3127 | D:3      | Reached skill level 4 in Unarmed Combat
  3148 | D:3      | Reached XP level 6. HP: 57/57 MP: 7/7
  3409 | D:3      | Noticed Natasha
  3416 | D:3      | Killed Natasha
  4084 | D:5      | Entered Level 5 of the Dungeon
  4094 | D:5      | Noticed a water moccasin
  4118 | D:5      | HP: 1/59 [poisoned by a water moccasin]
  4133 | D:5      | Killed a water moccasin
  4133 | D:5      | Reached ** piety under Okawaru
  4134 | D:5      | Reached skill level 5 in Unarmed Combat
  4134 | D:5      | Reached XP level 7. HP: 35/66 MP: 4/8
  4783 | D:6      | Reached XP level 8. HP: 52/74 MP: 9/9
  4841 | D:6      | Reached skill level 6 in Unarmed Combat
  4853 | D:6      | Reached *** piety under Okawaru
  4869 | D:6      | Reached skill level 7 in Unarmed Combat
  5179 | D:6      | Reached **** piety under Okawaru
  5180 | D:6      | Reached XP level 9. HP: 64/83 MP: 8/10
  5516 | D:6      | Found a bloodstained altar of Trog.
  5530 | D:6      | Reached skill level 8 in Unarmed Combat
  6127 | D:7      | Reached skill level 5 in Dodging
  6210 | D:8      | Found Owioser's Book Boutique.
  6214 | D:8      | Found a flagged portal.
  6228 | D:8      | Reached skill level 5 in Shields
  6309 | Bailey   | Entered a bailey
  6314 | Bailey   | Noticed an orc warlord
  6351 | Bailey   | Noticed an orc knight
  6376 | Bailey   | Killed an orc knight
  6376 | Bailey   | Reached ***** piety under Okawaru
  6488 | Bailey   | Found a runed translucent gate.
  6491 | Bailey   | Found a runed translucent gate.
  6493 | Bailey   | Found a runed translucent gate.
  6710 | Bailey   | Reached skill level 1 in Throwing
  6735 | Bailey   | Slain by an orc warlord

Illustrated notes

Levels and vault maps discovered:
D:1:      lightli_iron_boxes, layout_basic
D:2:      layout_basic, hellmonk_ecumenical_altar_watching_god
D:3:      layout_loops_ring, uniq_natasha
D:4:      layout_cave_pools, minmay_temple_entry_statues_pillars,
          grunt_ministairs_2, hangedman_decor_opposing, palyth_stone_intersect
D:5:      layout_basic
D:6:      layout_basic, trog_three_pillars_becter
D:7:      layout_loops_ring
D:8:      layout_loops_corners, serial_shops, nicolae_take_the_stairs,
          enter_bailey_5, kennysheep_decorative_pillar,
          dreamdust_deal_with_the_devil, corner_web_ring
Temple:   mainiacjoe_temple_archimedes_tessellation
Bailey:   bailey_axe_bossmonster_kennysheep, bailey

Skill      XL: |  1  2  3  4  5  6  7  8  9 |
---------------+----------------------------+-----
Dodging        | 2 3 4 5 |  5.4
Fighting       | 2 3 |  3.4
Unarmed Combat | 3 4 5 7 8 |  8.9
Shields        | 1 2 3 4 5 |  5.7
Translocations | 3 |  3.1
Throwing       | 1 |  1.0
Spellcasting   | |  1.6
Evocations     | |  0.9

Action                   |  1- 3 |  4- 6 |  7- 9 || total
-------------------------+-------+-------+-------++-------
Melee: Unarmed           |    78 |   158 |   262 ||   498
       Punch             |       |     4 |       ||     4
Throw: Boomerang         |       |       |    15 ||    15
 Cast: Blink             |       |     1 |     1 ||     2
Invok: Heroism           |       |       |     1 ||     1
Evoke: Wand              |       |     5 |       ||     5
  Use: Potion            |       |     5 |     1 ||     6
       Scroll            |       |       |     5 ||     5
 Stab: Sleeping          |       |     1 |       ||     1
Armor: Robe              |    28 |    28 |    29 ||    85
       Skin              |       |     1 |       ||     1
Dodge: Dodged            |    28 |    62 |    46 ||   136
Block: Other             |    24 |    26 |       ||    50
       Tower shield      |       |    20 |   252 ||   272
       Reflection        |       |       |     8 ||     8

Table legend: (Time is in decaauts)
 A = Elapsed time spent in this place.
 B = Non-inter-level travel time spent in this place.
 C = Inter-level travel time spent in this place.
 D = Time resting spent in this place.
 E = Time spent auto-exploring this place.
 F = Levels seen in this place.
 G = Mean time per level.
                   A        B        C        D        E       F      G
               +--------+--------+--------+--------+--------+-----+--------+
         Total |   6778 |   6519 |    259 |    666 |   4265 |  10 |  677.8 |
       Dungeon |   6104 |   5864 |    240 |    611 |   3932 |   8 |  763.0 |
        Temple |    230 |    211 |     19 |      0 |    186 |   1 |  230.0 |
        Bailey |    443 |    443 |      0 |     55 |    147 |   1 |  443.0 |
               +--------+--------+--------+--------+--------+-----+--------+

Top non-repeatable levels by time:
     D:1: 1488 daAuts
     D:6: 1288 daAuts
     D:2: 957 daAuts
     D:3: 857 daAuts
     D:5: 687 daAuts
     D:4: 536 daAuts
  Bailey: 443 daAuts
  Temple: 230 daAuts
     D:8: 158 daAuts
     D:7: 129 daAuts
